Map: 2000 Atmospheres LE

Players

Harstem

  • Race: Protoss Protoss

Kas - Winner!

  • Race: Terran Terran

Event: DreamHack SC2 Masters 2021 Fall

VOD

Have the link to the VOD?

Description

Time

  • Played on: Aug. 6, 2021, 12:03 p.m.
  • Length: 9:28

All games in this series

Show
View Real Time Build Order
Export as new Build Order

Harstem Protoss 

Build Orders: 1 Gate Expand, Blink Stalkers 

Get SALT Encoding   

  12  0:00  Probe  
  13  0:12  Probe  
  14  0:18  Pylon  
  14  0:24  Probe  
  15  0:36  Gateway  
  15  0:37  Probe  
  16  0:49  Probe  
  17  1:07  Nexus  
  17  1:13  Assimilator  
  17  1:15  Probe  
  18  1:25  Cybernetics Core  
  18  1:28  Probe (Chrono Boost)  
  19  1:38  Probe (Chrono Boost)  
  19  1:39  Pylon  
  20  1:43  Probe (Chrono Boost)  
  21  1:49  Assimilator  
  21  1:54  Probe (Chrono Boost)  
  22  2:02  Adept  
  22  2:06  Probe (Chrono Boost)  
  22  2:08  Warp Gate  
  25  2:11  Probe (Chrono Boost)  
  26  2:20  Probe (Chrono Boost)  
  28  2:23  Probe (Chrono Boost)  
  28  2:32  Twilight Council, Probe (Chrono Boost)  
  30  2:37  Probe (Chrono Boost)  
  30  2:38  Probe (Chrono Boost)  
  30  2:40  Stalker  
  33  2:45  Probe  
  33  2:46  Probe  
  35  2:57  Probe  
  36  2:59  Probe  
  36  3:00  Gateway  
  36  3:03  Blink (Chrono Boost)  
  37  3:09  Probe  
  37  3:11  Probe  
  39  3:15  Stalker  
  41  3:21  Probe  
  41  3:23  Pylon  
  42  3:28  Probe  
  42  3:33  Probe  
  44  3:35  Robotics Facility  
  44  3:40  Probe  
  45  3:45  Assimilator, Pylon, Probe  
  46  3:52  Probe  
  47  3:56  Stalker x2  
  47  3:58  Probe  
  47  4:00  Pylon  
  53  4:10  Probe  
  53  4:12  Nexus  
  53  4:13  Probe  
  54  4:19  Pylon  
  54  4:21  Stalker  
  52  4:33  Stalker  
  52  4:38  Probe x2  
  44  4:39  Observer (Chrono Boost)  
  41  4:48  Stalker  
  41  4:50  Probe  
  41  4:51  Probe  
  45  4:58  Stalker  
  47  5:04  Probe (Chrono Boost)  
  49  5:08  Dark Shrine  
  49  5:09  Probe (Chrono Boost)  
  49  5:14  Probe (Chrono Boost)  
  50  5:18  Probe (Chrono Boost)  
  50  5:21  Probe (Chrono Boost)  
  52  5:23  Stalker  
  52  5:26  Probe (Chrono Boost)  
  56  5:34  Probe (Chrono Boost)  
  56  5:40  Probe (Chrono Boost)  
  56  5:41  Probe (Chrono Boost)  
  56  5:42  Stalker  
  54  5:46  Observer, Probe (Chrono Boost)  
  56  5:51  Probe (Chrono Boost)  
  56  5:55  Probe (Chrono Boost)  
  56  5:57  Probe (Chrono Boost), Warp Prism  
  57  5:58  Stalker  
  57  5:59  Probe  
  57  6:01  Charge  
  57  6:03  Observer  
  63  6:04  Probe  
  63  6:08  Probe  
  63  6:11  Probe  
  66  6:15  Forge  
  66  6:16  Observer  
  66  6:17  Probe  
  67  6:19  Observer  
  67  6:20  Stalker, Probe  
  67  6:23  Probe  
  71  6:29  Probe  
  71  6:31  Stalker  
  71  6:32  Probe  
  73  6:37  Pylon  
  74  6:41  Probe  
  74  6:42  Protoss Ground Armor Level 1 (Chrono Boost)  
  74  6:43  Observer  
  75  6:48  Gateway  
  75  6:50  Sentry, Gateway x2  
  75  6:53  Probe  
  79  6:58  Gateway  
  77  7:02  Dark Templar  
  77  7:03  Probe  
  77  7:04  Probe  
  77  7:05  Gateway  
  77  7:06  Probe  
  77  7:08  Shield Battery  
  82  7:13  Dark Templar  
  82  7:15  Probe  
  85  7:16  Probe  
  85  7:19  Pylon  
  85  7:21  Probe  
  83  7:37  Stalker  
  83  7:38  Probe  
  83  7:40  Probe  
  83  7:42  Probe  
  83  7:43  Pylon  
  86  7:47  Stalker x4  
  86  7:51  Probe  
  95  7:52  Probe  
  95  7:54  Probe  
  97  8:01  Observer  
  97  8:03  Probe  
  97  8:04  Probe  
  95  8:07  Probe  
  95  8:11  Observer, Zealot  
  95  8:12  Zealot x6  
  96  8:15  Probe  
  96  8:18  Probe  
  96  8:20  Robotics Bay, Probe  
  96  8:21  Assimilator, Robotics Facility  
  96  8:23  Pylon  
  97  8:27  Assimilator  
  97  8:29  Photon Cannon  
  97  8:36  Zealot x4  
  97  8:37  Zealot  
  106  8:44  Zealot x2  
  106  8:45  Probe  
  111  8:50  Assimilator  
  109  8:57  Dark Templar  
  109  9:01  Zealot x2  
  109  9:02  Zealot  
  117  9:04  Zealot x3  
  117  9:09  Zealot x3  
  117  9:13  Probe  
Show
View Real Time Build Order
Export as new Build Order

Kas Terran - Winner!

Build Orders:  

Get SALT Encoding   

  12  0:00  SCV  
  13  0:12  SCV  
  14  0:16  Supply Depot  
  14  0:24  SCV  
  15  0:38  SCV  
  15  0:40  Barracks  
  16  0:43  Refinery  
  16  0:50  SCV  
  17  1:02  SCV  
  18  1:14  SCV  
  19  1:26  Marine  
  19  1:27  Orbital Command  
  20  1:39  Command Center  
  20  1:52  Factory  
  20  1:55  SCV  
  21  2:03  Barracks Reactor  
  21  2:07  SCV  
  22  2:09  Supply Depot  
  22  2:20  SCV  
  23  2:22  Refinery  
  23  2:31  Bunker  
  23  2:32  SCV  
  24  2:43  Hellion x2  
  28  2:44  Starport  
  28  2:47  SCV  
  29  2:56  Orbital Command  
  29  2:59  SCV  
  30  3:10  Widow Mine x2  
  34  3:13  SCV  
  35  3:20  Medivac  
  35  3:21  SCV  
  35  3:23  Supply Depot  
  35  3:25  SCV  
  39  3:32  Reaper  
  39  3:33  SCV  
  41  3:36  Hellion x2  
  41  3:38  SCV  
  46  3:44  Supply Depot  
  46  3:46  SCV  
  47  3:50  SCV  
  48  3:58  SCV  
  48  4:00  Starport Tech Lab  
  48  4:02  SCV  
  50  4:05  Factory Tech Lab  
  50  4:10  SCV  
  50  4:11  Command Center  
  50  4:13  Marine x2  
  50  4:14  SCV  
  54  4:22  SCV  
  53  4:36  Marine, Siege Tank  
  53  4:39  Marine  
  53  4:44  SCV  
  46  4:46  SCV  
  46  4:48  Raven  
  46  4:52  Barracks  
  49  4:53  Barracks  
  49  4:54  Marine, Bunker x2  
  49  4:56  SCV  
  49  4:57  Marine  
  49  4:58  SCV  
  49  4:59  Engineering Bay  
  53  5:02  Refinery  
  53  5:08  SCV  
  53  5:09  Siege Tank  
  53  5:12  Marine  
  57  5:14  Marine  
  57  5:18  SCV  
  59  5:23  SCV  
  59  5:24  Orbital Command  
  59  5:26  Terran Infantry Weapons Level 1  
  60  5:29  Refinery  
  60  5:30  Marine, SCV  
  60  5:32  Marine  
  58  5:36  Viking  
  58  5:40  Marine x2  
  59  5:44  SCV  
  59  5:46  Siege Tank  
  59  5:48  Marine  
  63  5:50  Marine  
  63  5:55  SCV  
  62  5:58  Marine x2  
  62  5:59  SCV  
  62  6:00  SCV, Orbital Command  
  66  6:05  Marine, Supply Depot x2  
  66  6:08  Marine, SCV  
  69  6:17  Barracks, Barracks Tech Lab  
  69  6:19  Barracks, Starport Reactor  
  69  6:20  Siege Tank  
  69  6:22  SCV x2  
  69  6:25  Marine, Stimpack  
  74  6:26  Marine  
  74  6:31  SCV  
  75  6:32  Supply Depot  
  75  6:34  SCV  
  75  6:36  SCV, Combat Shield  
  75  6:37  Marauder  
  79  6:42  Marine  
  79  6:43  Marine  
  79  6:44  Marauder  
  83  6:47  SCV  
  83  6:51  SCV  
  85  6:54  Supply Depot  
  85  6:55  Supply Depot x2, Medivac  
  85  6:56  SCV  
  85  6:57  Medivac  
  85  7:00  Marauder  
  92  7:02  Marine, Orbital Command  
  92  7:03  Marine  
  92  7:04  Factory Reactor  
  92  7:05  Marauder  
  92  7:07  Barracks Reactor  
  96  7:10  SCV  
  97  7:20  SCV  
  97  7:21  Marine, Marauder  
  101  7:27  SCV x2, Marauder  
  105  7:32  SCV  
  106  7:37  Marauder  
  106  7:38  Marine  
  106  7:39  Marine  
  106  7:43  SCV, Marauder  
  113  7:45  Marine x2  
  113  7:46  Widow Mine x2, Medivac x2  
  113  7:48  Marauder  
  113  7:49  Supply Depot  
  113  7:50  Supply Depot  
  113  7:51  Refinery, Supply Depot  
  123  7:53  Missile Turret  
  123  7:54  Missile Turret  
  123  7:55  Marine  
  123  7:56  Marine  
  118  7:59  Marauder  
  118  8:03  Marine  
  119  8:06  SCV  
  119  8:08  Missile Turret  
  114  8:15  Marine x2, Concussive Shells, Marauder x2  
  114  8:16  Widow Mine  
  114  8:17  Marine, Widow Mine  
  125  8:21  SCV x2  
  125  8:24  Medivac  
  129  8:28  SCV  
  129  8:29  Marauder  
  129  8:33  SCV x2  
  134  8:40  SCV  
  133  8:42  Widow Mine  
  133  8:43  Widow Mine  
  133  8:46  Marine x2, Marauder x2  
  143  8:55  SCV  
  144  8:57  Medivac  
  144  9:00  Marine, Marauder  
  149  9:05  Marine  
  147  9:16  SCV  

Tags
 
Add a new tag
Caveats
  • Supply blocks, unpowered buildings, or Contaminate may cause inaccurate times.
  • Supply counts are checked every 10 seconds.